 Dungeon Crawl Stone Soup version 0.28.0-43-g3370ac3207 (webtiles) character file.

Game seed: 353588173571537401

136 pkoi the Ruffian (level 4, -1/36 HPs)
             Began as a Demigod Gladiator on Mar 28, 2022.
             Slain by a river rat (6 damage)
             ... in a sewer.
             The game lasted 00:03:54 (3479 turns).

pkoi the Ruffian (Demigod Gladiator)                Turns: 3479, Time: 00:03:55

Health: -1/36      AC:  5    Str: 19    XL:     4   Next: 67%
Magic:  15/15      EV: 12    Int: 16    God:
Gold:   41         SH:  5    Dex: 15    Spells: 2/3 levels left

rFire   . . .      SeeInvis .     - Unarmed
rCold   . . .      Faith    .   (no shield)
rNeg    . . .      Spirit   .   a - +0 leather armour
rPois   .          Reflect  +   k - +1 helmet
rElec   .          Harm     .   (no cloak)
rCorr   .          Rampage  .   (no gloves)
Will    .....                   (no boots)
Stlth   +.........              e - amulet of reflection
HPRegen 0.12/turn               f - ring of magical power
MPRegen 0.14/turn               l - +6 ring of intelligence

@: lethally poisoned (-1 -> -7), very slow
A: high MP 1, forlorn, divine attributes
a: no special abilities


You were in a sewer.
You visited 1 branch of the dungeon, and saw 3 of its levels.
You also visited: Sewer.

You collected 41 gold pieces.

Inventory:

Hand Weapons
 b - a +0 dagger of chaos
Missiles
 c - 3 throwing nets (quivered)
 d - 6 poisoned darts
 j - 2 boomerangs
Armour
 a - a +0 leather armour (worn)
 k - a +1 helmet (worn)
Jewellery
 e - an amulet of reflection (around neck)
 f - a ring of magical power (left hand)
 l - a +6 ring of intelligence (right hand)
Scrolls
 m - a scroll of teleportation
 n - a scroll of identify
Potions
 h - a potion of might
 o - a potion of heal wounds


   Skills:
 - Level 1.7 Fighting
 - Level 1.7 Throwing
 - Level 2.6 Dodging
 + Level 5.2 Unarmed Combat


You had 2 spell levels left.
You knew the following spells:

 Your Spells              Type           Power      Damage    Failure   Level
a - Beastly Appendage     Tmut           0%         N/A       30%         1

Your spell library contained the following spells:

 Spells                   Type           Power      Damage    Failure   Level
 Static Discharge         Conj/Air       0%         N/A       41%         2
 Wereblood                Tmut           0%         N/A       41%         2
 Spider Form              Tmut/Pois      0%         N/A       65%         3
 Lightning Bolt           Conj/Air       0%         1d11      100%        5
 Maxwell's Capacitive Co  Air            0%         ∞         100%        8


Dungeon Overview and Level Annotations

Branches:
Dungeon (3/15)              Sewer (1/1)


Innate Abilities, Weirdness & Mutations

You have an increased reservoir of magic. (+10% MP)
You shall have no god before yourself.
Your divine heritage dramatically boosts your attributes as you level up.


Message History

No reachable target in view!
No reachable target in view!
A river rat comes into view.
Found a scroll labelled DACZAU UREPI and a scroll of vulnerability.
Found a scroll labelled JECWUJE CARIX and a scroll labelled MAINWA RUAHIMN.
An adder comes into view.
The adder hisses angrily.
Your unstable footing causes you to fumble your attack.
The adder misses you. You block the river rat's attack.
The adder closely misses you.
You closely miss the adder. The river rat completely misses you.
The adder barely misses you.
You barely miss the adder. The adder bites you. The river rat misses you.
Your unstable footing causes you to fumble your attack.
The adder bites you.
You are poisoned.
The adder poisons you! The river rat bites you.
* * * LOW HITPOINT WARNING * * *
You closely miss the adder.
You feel sick. The adder barely misses you. The river rat bites you.
* * * LOW HITPOINT WARNING * * *
You miss the adder.
You feel sick. The adder barely misses you. You block the river rat's attack.
The adder bites you but does no damage.
You barely miss the adder.
You feel sick. You block the adder's attack. The river rat barely misses you.
You miss the adder.
You feel sick. The adder barely misses you. The river rat misses you.
You closely miss the adder.
You feel sick. You block the adder's attack.
Your unstable footing causes you to fumble your attack.
You feel your willpower return.
You feel sick. The adder bites you but does no damage. The river rat bites you.
* * * LOW HITPOINT WARNING * * *
Your unstable footing causes you to fumble your attack.
You feel sick.
You are no longer poisoned.
The adder bites you.
* * * LOW HITPOINT WARNING * * *
You are lethally poisoned!
The adder poisons you! The river rat bites you.
You die...

#.......†..≈≈≈≈≈≈#
#...........≈≈≈≈≈#
#∩.....####.≈≈≈≈≈#
###∩.### ####≈≈.#
#### #≈.≈≈# ##
##.≈≈# ##?. #≈≈.#
##?..≈########≈≈≈#
#?...≈S@≈≈≈≈≈≈≈≈r#
#...≈.r≈≈≈≈≈≈≈≈≈≈#
#..≈....≈≈≈≈≈≈≈≈.#
##?..#########≈≈≈#
#### #≈≈≈# ≈≈≈≈≈≈
≈≈≈≈≈≈≈ ≈≈≈≈≈≈


You could see an adder and a river rat.

Vanquished Creatures
  A river rat (D:3)
  4 adders
  3 worms
  A dart slug (D:3)
  12 ball pythons
  10 bats
  6 endoplasms
  5 giant cockroaches
  4 goblins
  3 hobgoblins (D:1)
  8 jackals
  3 kobolds
  4 quokkas
  4 frilled lizards
  6 rats
74 creatures vanquished.

Vanquished Creatures (others)
  4 toadstools (D:1)
4 creatures vanquished.

Grand Total: 78 creatures vanquished

Notes
Turn   | Place    | Note
-------+----------+-------------------------------------------
     0 | D:1      | pkoi the Demigod Gladiator began the quest for the Orb.
     0 | D:1      | Reached XP level 1. HP: 17/17 MP: 3/3
    79 | D:1      | Reached skill level 3 in Unarmed Combat
   331 | D:1      | Reached XP level 2. HP: 24/24 MP: 4/4
  1161 | D:1      | Reached skill level 4 in Unarmed Combat
  1161 | D:1      | Reached XP level 3. HP: 7/29 MP: 5/5
  2157 | D:2      | Reached XP level 4. HP: 25/36 MP: 6/6
  2644 | D:2      | Learned a level 1 spell: Beastly Appendage
  3312 | D:3      | Reached skill level 5 in Unarmed Combat
  3333 | D:3      | Found a glowing drain.
  3385 | Sewer    | Entered a sewer
  3479 | Sewer    | Slain by a river rat

Illustrated notes

Levels and vault maps discovered:
D:1:      ldierk_water_garden, layout_basic, dreamdust_ecumenical_altar_statues,
          minmay_vboxes
D:2:      layout_basic, corexii_item_surrounded_by_moat,
          minmay_misc_feat_columns
D:3:      layout_basic, portal_sewer_entry_a, uniq_ijyb
Sewer:    sewer_fruit_machine

Skill      XL: |  1  2  3  4 |
---------------+-------------+-----
Unarmed Combat | 3 4 5 |  5.2
Fighting       | |  1.7
Throwing       | |  1.7
Dodging        | |  2.6

Action                   |  1- 3 |  4- 6 || total
-------------------------+-------+-------++-------
Melee: Unarmed           |   197 |   116 ||   313
       Punch             |     6 |     3 ||     9
  Use: Scroll            |     2 |     3 ||     5
       Potion            |     3 |       ||     3
 Stab: Sleeping          |     3 |       ||     3
Armor: Leather armour    |    77 |    25 ||   102
Dodge: Dodged            |   143 |    65 ||   208
Block: Other             |    41 |    29 ||    70
       Reflection        |       |     1 ||     1
